Map: Jagannatha LE

Players

ShaDoWn

  • Race: Protoss Protoss

Vanya - Winner!

  • Race: Zerg Zerg

Event: DreamHack SC2 Masters 2021 Winter

VOD

Have the link to the VOD?

Description

Time

  • Played on: Oct. 8, 2021, 11:07 a.m.
  • Length: 9:05

All games in this series

Show
View Real Time Build Order
Export as new Build Order

ShaDoWn Protoss 

Build Orders: 1 Gate Expand, Oracle Opening 

Get SALT Encoding   

  12  0:00  Probe  
  13  0:12  Probe  
  14  0:20  Pylon  
  14  0:24  Probe  
  15  0:38  Probe (Chrono Boost)  
  15  0:40  Gateway  
  16  0:47  Probe (Chrono Boost)  
  17  0:52  Assimilator, Probe  
  18  1:04  Probe  
  19  1:17  Probe  
  20  1:26  Nexus  
  20  1:36  Cybernetics Core  
  20  1:41  Probe  
  20  1:46  Assimilator  
  21  1:53  Probe  
  22  1:55  Pylon  
  22  2:05  Probe  
  23  2:11  Adept (Chrono Boost)  
  25  2:17  Probe  
  25  2:20  Stargate  
  27  2:30  Probe (Chrono Boost)  
  27  2:31  Adept (Chrono Boost)  
  29  2:38  Probe (Chrono Boost)  
  29  2:40  Warp Gate  
  31  2:47  Probe (Chrono Boost)  
  31  2:48  Probe (Chrono Boost)  
  32  2:53  Probe x2 (Chrono Boost)  
  32  2:54  Adept  
  38  3:05  Probe x2  
  38  3:06  Oracle (Chrono Boost)  
  38  3:11  Pylon  
  41  3:17  Probe x2  
  43  3:26  Gateway  
  43  3:29  Probe  
  43  3:30  Probe  
  43  3:33  Oracle (Chrono Boost)  
  48  3:42  Probe x2  
  48  3:46  Pylon  
  50  3:54  Probe x2  
  52  4:02  Assimilator  
  52  4:04  Oracle  
  52  4:06  Probe x2  
  57  4:18  Probe x2  
  59  4:26  Pylon  
  59  4:28  Nexus  
  59  4:30  Probe x2  
  61  4:31  Robotics Facility  
  61  4:39  Pylon  
  61  4:42  Assimilator, Probe  
  61  4:44  Adept, Probe  
  65  4:47  Pylon  
  65  4:48  Adept  
  67  4:54  Probe  
  67  4:56  Probe  
  67  5:03  Forge  
  67  5:05  Gateway  
  67  5:06  Probe, Shield Battery  
  67  5:07  Gateway  
  68  5:08  Probe  
  68  5:10  Sentry  
  68  5:11  Sentry  
  73  5:18  Probe  
  73  5:20  Probe  
  72  5:28  Immortal (Chrono Boost)  
  76  5:31  Robotics Bay  
  76  5:32  Pylon  
  78  5:41  Assimilator  
  76  5:46  Shield Battery  
  76  5:47  Stalker, Sentry  
  76  5:48  Shield Battery  
  80  5:50  Photon Cannon, Pylon  
  80  5:59  Photon Cannon  
  80  6:00  Sentry  
  80  6:01  Immortal (Chrono Boost)  
  86  6:06  Photon Cannon  
  86  6:08  Shield Battery  
  84  6:11  Shield Battery  
  84  6:13  Sentry  
  84  6:15  Photon Cannon  
  80  6:21  Stalker x2  
  78  6:26  Stalker  
  82  6:32  Disruptor (Chrono Boost)  
  82  6:37  Pylon x2  
  82  6:38  Pylon  
  81  6:46  Zealot x2  
  79  6:54  Zealot, Pylon  
  79  6:58  Disruptor (Chrono Boost)  
  79  6:59  Probe  
  60  7:09  Probe  
  60  7:10  Zealot  
  60  7:13  Photon Cannon, Probe  
  60  7:15  Probe  
  52  7:17  Zealot  
  45  7:23  Probe  
  45  7:25  Disruptor (Chrono Boost)  
  39  7:32  Zealot  
  39  7:33  Probe  
  35  7:37  Probe  
  35  7:39  Probe  
  36  7:45  Probe  
  36  7:49  Zealot, Probe  
  40  7:51  Probe (Chrono Boost)  
  40  7:57  Probe (Chrono Boost)  
  41  8:01  Probe (Chrono Boost)  
  41  8:03  Probe (Chrono Boost)  
  41  8:09  Probe (Chrono Boost)  
  41  8:10  Probe (Chrono Boost)  
  41  8:11  Probe (Chrono Boost)  
  41  8:12  Pylon  
  44  8:13  Probe (Chrono Boost)  
  44  8:15  Probe (Chrono Boost)  
  44  8:17  Probe  
  47  8:21  Disruptor (Chrono Boost)  
  47  8:24  Probe  
  48  8:27  Zealot x2  
  48  8:28  Probe  
  48  8:30  Probe  
  52  8:36  Probe  
  52  8:40  Probe  
  54  8:41  Pylon  
  54  8:42  Probe  
  54  8:48  Zealot x2  
  55  8:49  Probe  
  55  8:52  Probe  
  55  8:54  Pylon  
Show
View Real Time Build Order
Export as new Build Order

Vanya Zerg - Winner!

Build Orders: Hatch First 

Get SALT Encoding   

  12  0:00  Drone  
  13  0:11  Overlord  
  13  0:16  Drone  
  14  0:30  Drone x2  
  16  0:48  Hatchery  
  15  0:51  Drone  
  15  0:55  Drone  
  17  0:58  Drone  
  18  1:09  Extractor  
  17  1:13  Spawning Pool  
  17  1:17  Drone  
  17  1:20  Drone  
  18  1:27  Drone  
  19  1:38  Drone  
  20  1:50  Overlord  
  20  2:00  Queen x2  
  20  2:01  Zergling x4  
  26  2:10  Drone  
  26  2:11  Metabolic Boost  
  26  2:12  Drone  
  28  2:21  Drone  
  29  2:23  Drone  
  30  2:36  Hatchery  
  29  2:39  Drone  
  29  2:40  Drone  
  31  2:46  Queen  
  33  2:51  Overlord  
  33  2:54  Zergling x2  
  33  2:57  Drone  
  34  2:59  Drone  
  34  3:04  Drone  
  36  3:11  Drone x3  
  39  3:12  Queen  
  38  3:21  Zergling x4  
  38  3:22  Drone  
  40  3:28  Drone x2  
  42  3:35  Overlord  
  42  3:36  Drone  
  42  3:40  Drone  
  44  3:48  Spore Crawler  
  44  3:49  Drone x2  
  44  3:53  Drone x2  
  46  3:58  Drone x4  
  46  4:02  Drone x2  
  50  4:05  Drone  
  50  4:08  Drone  
  52  4:11  Queen  
  52  4:17  Overlord  
  54  4:18  Drone  
  54  4:19  Drone  
  54  4:21  Drone x2  
  58  4:27  Roach Warren  
  58  4:30  Spore Crawler  
  56  4:32  Drone  
  56  4:33  Spore Crawler  
  56  4:34  Drone x2  
  56  4:36  Drone  
  56  4:37  Drone  
  60  4:39  Drone  
  61  4:46  Extractor  
  61  4:47  Extractor  
  61  4:50  Overlord  
  61  4:51  Drone  
  59  4:53  Drone  
  59  4:57  Overlord  
  59  5:04  Overlord  
  59  5:08  Roach x3  
  59  5:09  Roach  
  59  5:10  Roach x3  
  73  5:18  Overlord  
  73  5:25  Zergling x16  
  73  5:26  Queen  
  83  5:31  Lair  
  83  5:33  Overlord  
  83  5:36  Zergling x6  
  83  5:42  Zergling x8  
  89  5:44  Ravager x2  
  89  5:45  Ravager  
  89  5:48  Overlord  
  92  5:50  Queen  
  92  5:52  Zergling x2  
  92  5:53  Zergling x2  
  92  5:55  Ravager x2  
  98  5:58  Zergling x2  
  98  5:59  Zergling x4  
  98  6:03  Overlord  
  99  6:05  Zergling x6  
  99  6:09  Zergling x4  
  101  6:12  Ravager  
  101  6:16  Zergling x6  
  100  6:21  Drone  
  100  6:22  Drone  
  100  6:24  Drone x3  
  103  6:29  Drone  
  103  6:30  Queen  
  103  6:34  Ravager  
  103  6:35  Overlord  
  103  6:38  Spire  
  101  6:41  Drone, Extractor  
  101  6:43  Drone  
  98  6:48  Drone x2  
  98  6:57  Drone x6  
  101  7:03  Drone x4  
  101  7:04  Drone x2  
  101  7:06  Drone x2  
  99  7:09  Extractor  
  99  7:10  Extractor  
  92  7:15  Drone  
  92  7:16  Drone x2  
  92  7:20  Hatchery  
  94  7:26  Overlord  
  87  7:30  Evolution Chamber  
  83  7:39  Roach x6  
  95  7:45  Glial Reconstitution  
  95  7:52  Zergling x20  
  102  7:59  Extractor  
  102  8:00  Extractor  
  102  8:02  Overseer  
  94  8:08  Mutalisk x4  
  102  8:13  Mutalisk x2  
  102  8:18  Overlord  
  106  8:24  Mutalisk x3  
  106  8:25  Overlord  
  102  8:28  Overlord  
  102  8:31  Mutalisk  
  103  8:35  Drone x6  
  112  8:58  Hatchery  

Tags
 
Add a new tag
Caveats
  • Supply blocks, unpowered buildings, or Contaminate may cause inaccurate times.
  • Supply counts are checked every 10 seconds.